 Dungeon Crawl Stone Soup version 0.23.0 (webtiles) character file.

Game seed: 16102627711248859721

583 Kondrat the Blocker (level 7, -13/56 HPs)
             Began as a Formicid Fighter on Feb 9, 2019.
             Mangled by an ogre
             ... wielding a +0 giant spiked club
              (27 damage)
             ... on level 4 of the Dungeon.
             The game lasted 00:07:09 (3336 turns).

Kondrat the Blocker (Formicid Fighter)              Turns: 3336, Time: 00:07:10

Health: -13/56     AC: 10    Str: 22    XL:     7   Next: 64%
Magic:  7/7        EV:  7    Int:  8    God:
Gold:   155        SH: 11    Dex: 10    Spells: 6/6 levels left

rFire    + . .     SeeInvis +   a - +0 quarterstaff
rCold    + . .     Gourm    .   c - +0 shield
rNeg     . . .     Faith    .   r - +0 chain mail
rPois    .         Spirit   .   (helmet unavailable)
rElec    .         Reflect  .   j - scarf {rC+ rF+}
rCorr    +         Harm     .   t - +0 pair of gloves
MR       .....                  (no boots)
Stlth    ..........             (no amulet)
HPRegen  0.18/turn              u - ring of resist corrosion
MPRegen  0.10/turn              (no ring)

@: no status effects
A: permanent stasis, dig shafts and tunnels, four strong arms, antennae 3
a: Dig, Shaft Self


You were on level 4 of the Dungeon.
You were not hungry.

You visited 1 branch of the dungeon, and saw 5 of its levels.

You collected 155 gold pieces.

Inventory:

Hand Weapons
 a - a +0 quarterstaff (weapon)
 q - a +0 war axe
Armour
 c - a +0 shield (worn)
 j - a scarf of resistance (worn)
 r - a +0 chain mail (worn)
 t - a +0 pair of gloves (worn)
Jewellery
 u - a ring of resist corrosion (left hand)
Wands
 y - a wand of iceblast (9)
Scrolls
 b - a scroll of blinking {unknown}
 g - a scroll of fear {unknown}
 h - 3 scrolls of remove curse
 k - a scroll of immolation {unknown}
 m - a scroll of teleportation {unknown}
 o - a scroll of fog {unknown}
 p - 3 scrolls of identify {unknown}
 s - 2 scrolls of amnesia {unknown}
Potions
 d - a potion of might
 e - 6 potions of resistance {unknown}
 i - a potion of brilliance {unknown}
 l - 2 potions of curing {unknown}
 n - a potion of lignification {unknown}
 v - a potion of flight {unknown}
 w - a potion of haste {unknown}
 z - a potion of mutation {unknown}
Comestibles
 f - 9 rations


   Skills:
 + Level 5.0 Fighting
 - Level 2.0 Staves
 - Level 3.2 Armour
 - Level 9.0 Shields


You had 6 spell levels left.
You didn't know any spells.
Your spell library was empty.

Dungeon Overview and Level Annotations

Branches:
Dungeon (5/15)
 Temple: D:4-7

Altars:
Cheibriados
Dithmenos
Gozag
Kikubaaqudgha
Qazlal
Xom
Yredelemnul


Innate Abilities, Weirdness & Mutations

You cannot be hasted, slowed, berserked, paralysed or teleported.
You can dig through walls and to a lower floor.
Your four strong arms can wield two-handed weapons with a shield.
You have a pair of large antennae on your head. (SInv)


Message History

The bullfrog skeleton hits you but does no damage.
The ogre closely misses you. The adder bites you but does no damage.
There is a stone staircase leading up here.
You feel sick.
The ogre hits you with a +0 giant spiked club!
You climb upwards.
There is a stone staircase leading down here.
You sock the ogre!
The ogre is moderately wounded.
The ogre hits you with a +0 giant spiked club!!
* * * LOW HITPOINT WARNING * * *
You completely miss the ogre.
The ogre is moderately wounded.
You feel sick.
You are no longer poisoned.
You block the ogre's attack.
You hit the ogre.
The ogre is heavily wounded.
The ogre hits you with a +0 giant spiked club!!
You die...

.......##.##'###.....######......
.....................# #......
...####.#[...........######......
...####.#........####....##......
...##...'........# #.##.##......
...##._.#........####.##.##......
...##...#.............##..รท......
...##..........O.##########......
.############...@...# ####### ##
#.#.###.# #.#####.# ##....##.#
#........# #.......## #....^...#
#........# #........#


You could see an ogre.

Vanquished Creatures
  Purgy (D:4)
  An ogre (D:4)
  2 scorpions
  A howler monkey (D:4)
  A hound (D:4)
  An orc wizard (D:4)
  An iguana (D:3)
  A worker ant (D:4)
  2 adders (D:3)
  2 oozes
  3 dart slugs
  2 worms
  6 leopard geckos
  14 orcs
  2 giant cockroaches (D:3)
  16 goblins
  8 hobgoblins
  13 jackals
  11 kobolds
  2 quokkas (D:3)
  2 ball pythons
  12 frilled lizards
  9 rats
113 creatures vanquished.

Notes
Turn   | Place    | Note
-------+----------+-------------------------------------------
     0 | D:1      | Kondrat the Formicid Fighter began the quest for the Orb.
     0 | D:1      | Reached XP level 1. HP: 18/18 MP: 1/1
    21 | D:1      | Reached skill level 4 in Shields
    76 | D:1      | Reached XP level 2. HP: 15/24 MP: 2/2
   181 | D:1      | You fall through a shaft!
   510 | D:2      | You fall through a shaft!
   534 | D:3      | Reached XP level 3. HP: 29/29 MP: 3/3
   568 | D:3      | Reached skill level 5 in Shields
   568 | D:3      | Reached XP level 4. HP: 22/35 MP: 4/4
   861 | D:3      | Reached skill level 6 in Shields
   913 | D:3      | Reached XP level 5. HP: 38/41 MP: 5/5
   963 | D:3      | Reached skill level 7 in Shields
  1178 | D:3      | Found an ancient bone altar of Kikubaaqudgha.
  1270 | D:2      | Found a shimmering altar of Xom.
  1289 | D:2      | Found a stormy altar of Qazlal.
  1746 | D:2      | Reached XP level 6. HP: 47/47 MP: 6/6
  2359 | D:4      | Reached skill level 8 in Shields
  2410 | D:4      | Noticed Purgy
  2578 | D:4      | Noticed an ogre
  2841 | D:4      | Killed an ogre
  2841 | D:4      | Reached skill level 9 in Shields
  2841 | D:4      | Reached XP level 7. HP: 52/52 MP: 7/7
  2889 | D:4      | Found a basalt altar of Yredelemnul.
  2962 | D:4      | Found an opulent altar of Gozag.
  3011 | D:4      | Found a snail-covered altar of Cheibriados.
  3033 | D:4      | Killed Purgy
  3047 | D:4      | Reached skill level 5 in Fighting
  3239 | D:4      | Found a shadowy altar of Dithmenos.
  3320 | D:5      | Entered Level 5 of the Dungeon
  3336 | D:4      | Mangled by an ogre

Skill      XL: |  1  2  3  4  5  6  7 |
---------------+----------------------+-----
Shields        | 4 5 6 7 9 |  9.0
Fighting       | 5 |  5.0
Staves         | |  2.0
Armour         | |  3.2

Action                   |  1- 3 |  4- 6 |  7- 9 || total
-------------------------+-------+-------+-------++-------
Melee: Quarterstaff      |    68 |   282 |    59 ||   409
 Abil: Shaft Self        |     1 |       |       ||     1
       Dig               |       |     2 |     1 ||     3
  Use: Scroll            |       |     1 |       ||     1
  Eat: Chunk             |       |     6 |     3 ||     9
Armor: Scale mail        |    29 |    22 |       ||    51
       Chain mail        |       |    89 |    37 ||   126
Dodge: Dodged            |    38 |    75 |    23 ||   136
Block: Shield            |    48 |   156 |    46 ||   250
